 Dungeon Crawl Stone Soup version 0.32-a0-834-geaf45d8e21 (webtiles) character file.

Game seed: 14363551587718931439

168 pokeman the Magician (level 5, -7/29 HPs)
             Began as a Deep Elf Hedge Wizard on Mar 25, 2024.
             Mangled by a sleepcap (14 damage)
             ... on level 4 of the Dungeon.
             The game lasted 00:04:24 (3951 turns).

pokeman the Magician (Deep Elf Hedge Wizard)        Turns: 3951, Time: 00:04:25

Health: -7/29      AC:  2    Str:  7    XL:     5   Next: 23%
Magic:  1/15       EV:  2    Int: 21    God:
Gold:   81         SH:  0    Dex: 14    Spells: 5/16 levels left

rFire   . . .        a - +0 dagger
rCold   . . .        (no shield)
rNeg    . . .        b - +0 robe
rPois   .            c - +0 hat
rElec   .            (no cloak)
rCorr   .            (no gloves)
SInv    .            (no boots)
Will    .....        n - amulet of reflection
Stlth   ++           (no ring)
HPRegen 0.24/turn    (no ring)
MPRegen 0.14/turn

%: reflection
@: sleeping, very slightly contaminated
A: no striking features
a: no special abilities


You were on level 4 of the Dungeon.
You visited 1 branch of the dungeon, and saw 4 of its levels.

You collected 81 gold pieces.

Inventory:

Hand Weapons
 a - a +0 dagger (weapon)
Armour
 b - a +0 robe (worn)
 c - a +0 hat (worn)
 m - an orb of light
Magical Staves
 o - a staff of earth
Jewellery
 n - an amulet of reflection (around neck)
Scrolls
 e - 2 scrolls of enchant armour {unknown}
 g - 4 scrolls of identify {unknown}
 i - a scroll of vulnerability {unknown}
 k - 2 scrolls of teleportation {unknown}
 l - a scroll of silence {unknown}
 p - a scroll of noise {unknown}
Potions
 d - a potion of magic
 f - 2 potions of mutation {unknown}
 h - a potion of resistance {unknown}
 j - 3 potions of brilliance {unknown}
 q - 2 potions of enlightenment {unknown}
 r - a potion of might {unknown}


   Skills:
 - Level 1.0 Fighting
 - Level 1.0 Armour
 - Level 3.0 Dodging
 - Level 3.1 Stealth
 * Level 6.1 Spellcasting
 + Level 2.5 Conjurations
 - Level 1.1 Summonings
 - Level 1.1 Translocations
 + Level 0.0 Air Magic
 + Level 0.0 Earth Magic
 + Level 0.0 Alchemy
 + Level 0.0 Evocations


You had 5 spell levels left.
You knew the following spells:

 Your Spells              Type           Power      Damage    Failure   Level
a - Magic Dart            Conj           68%        1d6       3%          1
b - Mephitic Cloud        Conj/Alch/Air  10%        N/A       21%         3
c - Call Imp              Summ           22%        N/A       10%         2
d - Blink                 Tloc           22%        N/A       10%         2
e - Stone Arrow           Conj/Erth      24%        3d8       17%         3

Your spell library contained the following spells:

 Spells                   Type           Power      Damage    Failure   Level
 Sandblast                Erth           12%        2d6       10%         1
 Slow                     Hex            24%        N/A       10%         1
 Cigotuvi's Dreadful Rot  Necr/Alch/Air  12%        N/A       14%         2
 Brom's Barrelling Bould  Conj/Erth      12%        2d4       50%         4
 Martyr's Knell           Necr/Summ      8%         N/A       58%         4
 Dispel Undead            Necr           6%         3d8       67%         4


Dungeon Overview and Level Annotations

Branches:
Dungeon (4/15)
 Temple: D:4-7

Altars:
Okawaru
Wu Jian


Message History

The stone arrow hits the sleepcap!
The sleepcap is heavily damaged.
Unknown command.
Casting: Stone Arrow (quite dangerous; 17% risk of failure)
Confirm with . or Enter, or press ? or * to list all spells.
Aiming: Stone Arrow (quite dangerous; 17% risk of failure)
Press: ? - help, Shift-Dir - straight line, f/p - sleepcap
Aim: a sleepcap (heavily damaged, 100% to hit)
You miscast Stone Arrow.
You are very lightly contaminated with residual magic.
Nothing appears to happen.
Unknown command.
Casting: Stone Arrow (quite dangerous; 17% risk of failure)
Confirm with . or Enter, or press ? or * to list all spells.
Aiming: Stone Arrow (quite dangerous; 17% risk of failure)
Press: ? - help, Shift-Dir - straight line, f/p - sleepcap
Aim: a sleepcap (heavily damaged, 100% to hit)
You miscast Stone Arrow.
Nothing appears to happen.
The sleepcap releases spores at you!
You are engulfed in a cloud of soporific spores!
You fall asleep.
The sleepcap releases spores at you.
You wake up.
You are engulfed in a cloud of soporific spores!
You are unaffected.
Unknown command.
Casting: Stone Arrow (quite dangerous; 17% risk of failure)
Confirm with . or Enter, or press ? or * to list all spells.
Aiming: Stone Arrow (quite dangerous; 17% risk of failure)
Press: ? - help, Shift-Dir - straight line, f/p - sleepcap
Aim: a sleepcap (heavily damaged, 100% to hit)
You miscast Stone Arrow.
Nothing appears to happen.
The sleepcap releases spores at you.
Unknown command.
Unknown command.
The sleepcap attacks as it pursues you! The sleepcap releases spores at you.
* * * LOW HITPOINT WARNING * * *
You are engulfed in a cloud of soporific spores!
You fall asleep.
The sleepcap releases spores at you!
You die...

### ##.# #.<## ###
##..### #.# ###..##
##.# ##..####.##
###...#.# ##....##
#...@f## ##......###
######..###....#####.
#.......# #..........
###....## ##.....##..
###..# #...### #..##
#...# ##..# #..## .#
#..# ...#


You could see a sleepcap.

Vanquished Creatures
  An iguana (D:4)
  Jessica (D:2)
  4 adders
  3 dart slugs
  2 orcs (D:3)
  6 endoplasms
  3 giant cockroaches
  2 goblins
  2 hobgoblins (D:2)
  6 jackals (D:2)
  3 quokkas
  7 ball pythons
  9 bats
  8 frilled lizards
  8 kobolds
  4 rats
69 creatures vanquished.

Notes
Turn   | Place    | Note
-------+----------+-------------------------------------------
     0 | D:1      | pokeman the Deep Elf Hedge Wizard began the quest for the
                  | Orb.
     0 | D:1      | Reached XP level 1. HP: 10/10 MP: 7/7
   226 | D:1      | Found a faded altar of an unknown god.
   262 | D:1      | Reached XP level 2. HP: 16/16 MP: 0/9
  1202 | D:1      | Reached skill level 5 in Spellcasting
  1424 | D:2      | Reached XP level 3. HP: 19/20 MP: 0/11
  1428 | D:2      | Learned a level 3 spell: Mephitic Cloud
  1431 | D:2      | Learned a level 2 spell: Call Imp
  1434 | D:2      | Learned a level 2 spell: Blink
  1748 | D:2      | Noticed Jessica
  1751 | D:2      | Killed Jessica
  1752 | D:2      | Reached skill level 1 in Fighting
  1752 | D:2      | Reached skill level 1 in Armour
  1850 | D:2      | Reached XP level 4. HP: 19/25 MP: 5/13
  2194 | D:2      | Learned a level 3 spell: Stone Arrow
  2364 | D:2      | Found an iron altar of Okawaru.
  3454 | D:3      | Reached skill level 6 in Spellcasting
  3647 | D:3      | Found an ornate altar of the Wu Jian Council.
  3817 | D:4      | Reached XP level 5. HP: 29/29 MP: 8/15
  3951 | D:4      | Mangled by a sleepcap

Illustrated notes

Levels and vault maps discovered:
D:1:      zaba_arrival_water, layout_basic, ebering_ecumenical_altar_rust
D:2:      layout_loops_cross, basic_altar, uniq_jessica
D:3:      layout_basic, mainiacjoe_overflow_alcove_2, serial_forest,
          infiniplex_forest_end_2, infiniplex_forest_lined_room_2,
          infiniplex_forest_lined_corner, infiniplex_forest_lined_corner,
          infiniplex_forest_end_double, infiniplex_forest_lined_4_way,
          infiniplex_forest_clump_diagonal
D:4:      layout_layer_cave, general_overflow_altar, fedhas_altar_2,
          minmay_temple_entry_statues_pillars, gammafunk_ghost_mausoleum,
          minmay_mini_ossuary

Skill      XL: |  1  2  3  4 |
---------------+-------------+-----
Spellcasting   | 5 6 |  6.1
Fighting       | 1 |  1.0
Armour         | 1 |  1.0
Conjurations   | 2 |  2.5
Dodging        | 3 |  3.0
Stealth        | 3 |  3.1
Summonings     | |  1.1
Translocations | |  1.1

Action                     |  1- 3 |  4- 6 || total
---------------------------+-------+-------++-------
  Melee: Dagger            |     3 |       ||     3
   Cast: Magic Dart        |    89 |    89 ||   178
         Stone Arrow       |       |     4 ||     4
         Mephitic Cloud    |       |     1 ||     1
 Armour: Robe              |    13 |    17 ||    30
  Dodge: Dodged            |    18 |    15 ||    33
  Block: Other             |       |     3 ||     3
         Reflection        |       |     1 ||     1

Table legend: (Time is in decaauts)
 A = Elapsed time spent in this place.
 B = Non-inter-level travel time spent in this place.
 C = Inter-level travel time spent in this place.
 D = Time resting spent in this place.
 E = Time spent auto-exploring this place.
 F = Levels seen in this place.
 G = Mean time per level.
                   A        B        C        D        E       F      G
               +--------+--------+--------+--------+--------+-----+--------+
         Total |   3956 |   3859 |     97 |      0 |   3508 |   4 |  989.0 |
       Dungeon |   3956 |   3859 |     97 |      0 |   3508 |   4 |  989.0 |
               +--------+--------+--------+--------+--------+-----+--------+

Top non-repeatable levels by time:
     D:1: 1364 daAuts
     D:3: 1333 daAuts
     D:2: 1121 daAuts
     D:4: 136 daAuts
